 Dungeon Crawl Stone Soup version 0.23.2 (webtiles) character file.

Game seed: 1710386149324974194

31497 Borgoz the Slicer (level 13, -2/80 HPs)
             Began as a Gargoyle Gladiator on Apr 9, 2019.
             Was a Believer of Ashenzari.
             Slain by a fire elemental (5 damage)
             ... summoned by a deep elf mage
             ... on level 12 of the Dungeon.
             The game lasted 00:32:55 (14407 turns).

Borgoz the Slicer (Gargoyle Gladiator)             Turns: 14407, Time: 00:32:57

Health: -2/80      AC: 20    Str: 19    XL:     13   Next: 58%
Magic:  0/17       EV: 18    Int:  9    God:    Ashenzari [**....]
Gold:   898        SH:  0    Dex: 15    Spells: 17/17 levels left

rFire    . . .     SeeInvis .   a - +2 short sword (speed)
rCold    . . .     Gourm    .   (no shield)
rNeg     + . .     Faith    .   C - +2 leather armour {MR+}
rPois    ∞         Spirit   +   c - +0 helmet
rElec    +         Reflect  .   (no cloak)
rCorr    .         Harm     .   n - +2 pair of gloves
MR       +....                  (no boots)
Stlth    +++++.....             F - amulet of guardian spirit
HPRegen  0.23/turn              E - ring of stealth
MPRegen  0.15/turn              (no ring)

@: berserk cooldown, slowed, lightly drained, very slow
A: negative energy resistance 1, electricity resistance, unbreathing,
petrification resistance, rot immunity, AC +9
a: Curse Item, Scrying, Renounce Religion


You were on level 12 of the Dungeon.
You worshipped Ashenzari.
Ashenzari was pleased with you.
You were hungry.

You visited 2 branches of the dungeon, and saw 13 of its levels.
You also visited: Bailey.

You collected 898 gold pieces.

Inventory:

Hand Weapons
 a - a +2 short sword of speed (weapon)
 b - a +1 short sword of holy wrath
 t - the +1 dagger of the Badger {speed, rC++ Str-3}
   (You found it on level 11 of the Dungeon)

   Attacks with this weapon are significantly faster.
   It affects your strength (-3).
   It greatly protects you from cold.
 A - a +2 rapier
 J - a +0 rapier
Missiles
 k - 6 javelins
 r - 70 tomahawks of returning
 y - 4 steel tomahawks
 D - 10 tomahawks (quivered)
Armour
 c - a +0 helmet (worn)
 e - a +3 leather armour of cold resistance
 n - a +2 pair of gloves (worn)
 C - a +2 leather armour of magic resistance (worn)
Jewellery
 g - an uncursed amulet of the acrobat
 q - an uncursed ring of protection from magic
 B - an uncursed amulet of the gourmand
 E - a ring of stealth (left hand)
 F - an amulet of guardian spirit (around neck)
Wands
 d - a wand of clouds (2)
 j - a wand of digging (7)
 l - a wand of paralysis (5)
 x - a wand of flame (52)
Scrolls
 h - 4 scrolls of amnesia
 m - a scroll of remove curse
 p - 6 scrolls of teleportation
 s - a scroll of fear
 z - a scroll of identify
 H - 2 scrolls of magic mapping
Potions
 i - a potion of brilliance
 o - a potion of cancellation {unknown}
 u - 6 potions of curing
 v - 5 potions of flight
 w - 2 potions of haste
 G - 4 potions of mutation
 I - a potion of resistance {unknown}
Comestibles
 f - 38 rations


   Skills:
 + Level 8.9(8.6) Fighting
 * Level 11.6(11.3) Short Blades
 - Level 1.9(1.6) Throwing
 * Level 9.2(8.9) Armour
 + Level 10.2(9.9) Dodging
 + Level 8.9(8.6) Stealth
 - Level 2.7(2.5) Spellcasting
   Level 2.7(2.5) Hexes
 + Level 2.0(1.7) Evocations


You had 17 spell levels left.
You didn't know any spells.
Your spell library contained the following spells:

 Spells                   Type           Power        Failure   Level  Hunger
 Freeze                   Ice            #...         36%         1    ##.....
 Summon Small Mammal      Summ           #...         36%         1    ##.....
 Call Imp                 Summ           #.......     50%         2    ###....
 Throw Frost              Conj/Ice       #.....       50%         2    ###....
 Summon Guardian Golem    Hex/Summ       #.......     54%         3    ####...
 Call Canine Familiar     Summ           #.......     73%         3    ####...
 Ozocubu's Armour         Chrm/Ice       #.......     73%         3    ####...
 Summon Ice Beast         Ice/Summ       #.......     98%         4    #####..
 Summon Lightning Spire   Summ/Air       #.......     98%         4    #####..
 Throw Icicle             Conj/Ice       #.......     98%         4    #####..


Dungeon Overview and Level Annotations

Branches:
Dungeon (12/15)            Temple (1/1) D:5            Lair (0/6) D:8
    Orc (0/2) D:9

Altars:
Ashenzari
Cheibriados
Dithmenos
Elyvilon
Fedhas
Gozag
Hepliaklqana
Kikubaaqudgha
Makhleb
Nemelex Xobeh
Okawaru
Qazlal
Ru
Sif Muna
Trog
Uskayaw
Vehumet
Wu Jian
Xom
Yredelemnul
Zin
The Shining One
Beogh

Shops:
D:7 *

Annotations:
D:8 1 runed translucent door, Cadaver's ghost, novice DgGl


Innate Abilities, Weirdness & Mutations

You are resistant to torment.
Your stone body is resilient. (AC +9)
You are immune to poison.
You resist negative energy. (rN+)
You are resistant to electric shocks. (rElec)
You can survive without breathing.
You are immune to petrification.
You are immune to rotting.


Message History

The big kobold looks frightened!
The kobold looks frightened! x2
The deep elf mage resists with some effort.
The fire elemental hits you. The fire elemental burns you!
* * * LOW HITPOINT WARNING * * *
The deep elf mage mumbles some strange words.
The deep elf mage blinks!
The deep elf mage casts a spell.
The hell rat closely misses you.
The deep elf mage mumbles some strange words.
The deep elf mage blinks!
The fire elemental hits you. The fire elemental burns you!
* * * LOW HITPOINT WARNING * * *
You feel better. The fire elemental hits you. The fire elemental burns you!
* * * LOW HITPOINT WARNING * * *
The hell rat barely misses you.
The fire elemental completely misses you.
The smoke demon is engulfed in blazing flames.
The deep elf mage misses you. The fire elemental hits you.
The fire elemental burns you!
You die...

* #......... #..#* .#
#.##.#.### #..# (.# #
#.#<### .
*##.)##..###.##[.....
..,, J.......(.........#
...###.○#.s.###.##.###.#
, ..○3.☼#.......##.# #.#
#°ErE.......##.###.# *
#3e@)...............
#...E.......##.###.#
#K.##.[.###.##.###.#
#KK○○e..# #........#
#.###†..###..#.#####
#.).(.........<# #
############÷### # #.# #
##.##


You could see 2 deep elf magi, a smoke demon, 3 fire elementals, a neqoxec, a
redback (fleeing), a big kobold (fleeing), a hell rat, a jelly (fleeing) and 2
kobolds.

Vanquished Creatures
  An ogre mage (D:11)
  A hydra (D:9)
  A centaur warrior (D:12)
  6 two-headed ogres
  Nergalle (D:11)
  2 unseen horrors (D:12)
  An orc knight (Bailey)
  An ugly thing (D:11)
  A cyclops (D:12)
  A manticore (D:12)
  A gargoyle (D:10)
  3 centaur skeletons
  A troll (D:9)
  2 dream sheep (D:9)
  Sigmund (D:4)
  3 hippogriffs
  A shadow (D:11)
  A wraith (D:11)
  A wyvern (D:11)
  A steam dragon (D:12)
  16 yaks
  3 hungry ghosts
  4 vampire mosquitoes (D:12)
  Duvessa (D:4)
  5 ice beasts
  A hornet zombie (D:11)
  4 orc warriors
  3 sky beasts
  7 ogres
  3 phantoms
  A necrophage (D:9)
  9 centaurs
  A crocodile (D:8)
  Blork the orc (D:6)
  7 big kobolds
  7 bullfrogs
  Dowan (D:4)
  2 scorpions (D:11)
  19 killer bees
  15 wights
  A howler monkey (D:8)
  A centaur zombie (D:7)
  4 crimson imps
  2 quasits
  3 bullfrog zombies
  7 orc wizards
  6 jellies
  4 orc priests
  6 hounds
  A bullfrog skeleton (D:4)
  5 iguanas
  6 worker ants
  A howler monkey skeleton (D:4)
  Robin (D:4)
  9 adders
  13 gnolls (Bailey)
  A shadow imp (D:5)
  2 adder skeletons
  2 worms
  3 dart slugs
  3 leopard geckos
  43 orcs
  8 giant cockroaches
  15 goblins
  15 hobgoblins
  2 jackals (D:4)
  4 quokkas
  10 bats
  4 frilled lizards
  41 kobolds
  A quokka skeleton (D:9)
  4 rats
  A plant (D:9)
370 creatures vanquished.

Vanquished Creatures (others)
  An orc wizard (D:9)
  An orc (D:11)
  A kobold (D:12)
3 creatures vanquished.

Grand Total: 373 creatures vanquished

Notes
Turn   | Place    | Note
-------+----------+-------------------------------------------
     0 | D:1      | Borgoz the Gargoyle Gladiator began the quest for the Orb.
     0 | D:1      | Reached XP level 1. HP: 12/12 MP: 1/1
   142 | D:1      | Reached XP level 2. HP: 17/17 MP: 2/2
   171 | D:1      | Reached skill level 3 in Short Blades
   732 | D:2      | Reached XP level 3. HP: 19/22 MP: 3/3
   765 | D:2      | Found a snail-covered altar of Cheibriados.
  1158 | D:2      | Found a faded altar of an unknown god.
  1285 | D:3      | Noticed a bullfrog
  1307 | D:3      | Reached XP level 4. HP: 10/27 MP: 4/4
  1312 | D:3      | Killed a bullfrog
  1312 | D:3      | Reached skill level 4 in Short Blades
  1312 | D:3      | Reached skill level 1 in Armour
  1312 | D:3      | Reached XP level 5. HP: 12/31 MP: 5/5
  1727 | D:3      | Found a sacrificial altar of Ru.
  2314 | D:4      | Noticed Sigmund
  2316 | D:4      | Reached XP level 6. HP: 37/37 MP: 6/6
  2367 | D:4      | Killed Sigmund
  2367 | D:4      | Reached skill level 5 in Short Blades
  2590 | D:4      | Got a fine long sword
  2596 | D:4      | Identified the cursed +1 long sword "Uzinag" {drain, Str+2}
                  | (You found it on level 4 of the Dungeon)
  2611 | D:4      | Noticed Robin
  2624 | D:4      | Reached XP level 7. HP: 27/41 MP: 7/7
  2630 | D:4      | Killed Robin
  3162 | D:4      | Noticed Duvessa
  3162 | D:4      | Noticed Dowan
  3179 | D:4      | Killed Duvessa
  3179 | D:4      | Reached skill level 1 in Stealth
  3198 | D:4      | Killed Dowan
  3211 | D:4      | Got a dazzling mace
  3353 | D:4      | Identified the cursed +3 mace "Jogg" {crush, rPois} (You
                  | found it on level 4 of the Dungeon)
  3676 | D:5      | Entered Level 5 of the Dungeon
  3860 | D:5      | Reached XP level 8. HP: 43/48 MP: 8/8
  4124 | D:5      | Found a staircase to the Ecumenical Temple.
  4501 | Temple   | Entered the Ecumenical Temple
  4664 | Temple   | Became a worshipper of Ashenzari the Shackled
  4921 | D:6      | Reached skill level 6 in Short Blades
  5319 | D:6      | Noticed Blork the orc
  5353 | D:6      | Killed Blork the orc
  5366 | D:6      | Reached skill level 5 in Dodging
  5808 | D:6      | Reached XP level 9. HP: 27/53 MP: 9/9
  6122 | D:7      | Found Peqan's General Store.
  6218 | D:7      | Found a burning altar of Makhleb.
  6218 | D:7      | Found an ancient bone altar of Kikubaaqudgha.
  6219 | D:7      | Found a white marble altar of Elyvilon.
  6232 | D:7      | Reached skill level 5 in Fighting
  6573 | D:7      | Reached skill level 5 in Armour
  6594 | D:7      | Reached skill level 7 in Short Blades
  6749 | D:8      | Found a runed translucent door.
  6749 | D:8      | Noticed Cadaver's ghost (novice DgGl)
  7252 | D:8      | Reached skill level 5 in Stealth
  7461 | D:8      | Reached XP level 10. HP: 51/60 MP: 10/10
  7630 | D:8      | Found a staircase to the Lair.
  7897 | D:8      | Reached skill level 8 in Short Blades
  8723 | D:9      | Found a staircase to the Orcish Mines.
  9424 | D:9      | Found a roughly hewn altar of Beogh.
 10053 | D:9      | Reached XP level 11. HP: 50/67 MP: 9/11
 10080 | D:9      | Noticed a two-headed hydra
 10111 | D:9      | Killed a two-headed hydra
 10111 | D:9      | Reached skill level 9 in Short Blades
 10240 | D:10     | Entered Level 10 of the Dungeon
 10350 | D:10     | Found a flagged portal.
 10391 | D:10     | Reached * piety under Ashenzari
 10524 | Bailey   | Entered a bailey
 10854 | Bailey   | Noticed an orc knight
 10911 | Bailey   | Killed an orc knight
 11903 | D:11     | Noticed a two-headed ogre
 11904 | D:11     | Noticed a two-headed ogre
 11992 | D:10     | Killed a two-headed ogre
 12116 | D:11     | Noticed a two-headed ogre
 12118 | D:11     | Noticed an ogre mage
 12118 | D:11     | Noticed a two-headed ogre
 12118 | D:11     | Noticed a two-headed ogre
 12136 | D:11     | Killed a two-headed ogre
 12144 | D:11     | Reached skill level 10 in Short Blades
 12144 | D:11     | Reached XP level 12. HP: 53/73 MP: 8/16
 12154 | D:11     | Killed an ogre mage
 12159 | D:11     | Killed a two-headed ogre
 12177 | D:11     | Killed a two-headed ogre
 12184 | D:11     | Killed a two-headed ogre
 12184 | D:11     | Reached XP level 13. HP: 56/78 MP: 7/17
 12186 | D:11     | Reached skill level 11 in Short Blades
 12482 | D:11     | Reached skill level 10 in Dodging
 12664 | D:11     | Got the cursed dagger of the Badger {speed, rC++ Str-3}
 12665 | D:11     | Identified the cursed +1 dagger of the Badger {speed, rC++
                  | Str-3} (You found it on level 11 of the Dungeon)
 12972 | D:11     | Noticed Nergalle
 13216 | D:11     | Killed Nergalle
 13409 | D:11     | Reached skill level 1 in Evocations
 14234 | D:12     | Reached ** piety under Ashenzari
 14406 | D:12     | HP: 2/80 [fire elemental[a deep elf mage] (8)]
 14407 | D:12     | Slain by a fire elemental

Skill      XL: |  1  2  3  4  5  6  7  8  9 10 11 12 13 |
---------------+----------------------------------------+-----
Short Blades   | 3 4 5 6 7 8 10 11 | 11.6
Dodging        | 3 4 5 6 7 9 10 | 10.2
Armour         | 1 2 3 4 5 6 7 8 9 |  9.2
Fighting       | 3 4 5 7 8 |  8.9
Stealth        | 2 3 5 6 7 8 |  8.9
Spellcasting   | 2 |  2.7
Hexes          | 2 |  2.7
Evocations     | 2 |  2.0
Throwing       | |  1.9

Action                   |  1- 3 |  4- 6 |  7- 9 | 10-12 | 13-15 || total
-------------------------+-------+-------+-------+-------+-------++-------
Melee: Rapier            |   133 |   157 |    28 |       |       ||   318
       Long sword        |       |    10 |    19 |       |       ||    29
       Mace              |       |       |    68 |       |       ||    68
       Short sword       |       |       |   441 |  1172 |   678 ||  2291
       Dagger            |       |       |       |       |   156 ||   156
Throw: Throwing net      |       |     2 |     4 |     2 |       ||     8
       Javelin           |       |       |       |       |     1 ||     1
Evoke: Wand              |       |       |       |     2 |     3 ||     5
  Use: Potion            |       |     2 |     3 |    11 |     3 ||    19
       Scroll            |       |       |    13 |     8 |     3 ||    24
 Stab: Sleeping          |       |       |     6 |     9 |     8 ||    23
       Distracted        |       |       |       |     3 |       ||     3
       Confused          |       |       |       |       |     1 ||     1
  Eat: Chunk             |     1 |     5 |    27 |    16 |     8 ||    57
Armor: Leather armour    |    18 |       |   135 |   277 |   196 ||   626
       Ring mail         |    61 |   106 |    44 |       |       ||   211
       Skin              |       |     7 |    86 |       |       ||    93
Dodge: Dodged            |   109 |   115 |   331 |   572 |   425 ||  1552
       Rpst.: Long sword |       |     4 |     2 |       |       ||     6
